 Dungeon Crawl Stone Soup version 0.28-a0-1435-g82390b3a13 (webtiles) character file.

Game seed: 10968045992633569522

591 oldriver the Skirmisher (level 7, -3/59 HPs)
             Began as a Demonspawn Chaos Knight on Jan 9, 2022.
             Was a Plaything of Xom.
             Slain by a sun demon (6 damage)
             ... summoned by Xom
             ... on level 4 of the Dungeon.
             The game lasted 00:06:25 (4232 turns).

oldriver the Skirmisher (Demonspawn Chaos Knight)   Turns: 4232, Time: 00:06:26

Health: -3/59      AC:  7    Str: 14    XL:     7   Next: 16%
Magic:  6/6        EV: 13    Int: 11    God:    Xom [......]
Gold:   98         SH:  0    Dex: 17    Spells: 6/6 levels left

rFire   + . .      SeeInvis +   a - +1 spear (chaos)
rCold   . . .      Faith    .   (no shield)
rNeg    . . .      Spirit   .   b - +3 leather armour
rPois   .          Reflect  .   (no helmet)
rElec   .          Harm     .   j - scarf {shadows}
rCorr   .          Rampage  .   (no gloves)
Will    .....      Rage     1%  (no boots)
Stlth   +++.......              (no amulet)
HPRegen 0.19/turn               i - ring of see invisible
MPRegen 0.10/turn               f - ring of protection from fire

@: unable to read
A: thin skeletal structure 2, powered by pain 2, condensation shield, berserk 1,
dopey 1, low mp 1, screaming 1, shaggy fur 1, inability to read while threatened
a: Renounce Religion


You were on level 4 of the Dungeon.
You worshipped Xom.
You were a very special plaything of Xom.
You visited 1 branch of the dungeon, and saw 4 of its levels.

You collected 98 gold pieces.

Inventory:

Hand Weapons
 a - a +1 spear of chaos (weapon)
Missiles
 m - 2 javelins (quivered)
Armour
 b - a +3 leather armour (worn)
 j - a scarf of shadows (worn)
Jewellery
 f - a ring of protection from fire (right hand)
 i - a ring of see invisible (left hand)
Scrolls
 e - 6 scrolls of teleportation
Potions
 g - a potion of lignification {unknown}
 k - 3 potions of haste


   Skills:
 * Level 6.9 Fighting
 - Level 3.0 Polearms
 - Level 1.7 Armour
 + Level 3.9 Dodging


You had 6 spell levels left.
You didn't know any spells.
Your spell library contained the following spells:

 Spells                   Type           Power      Damage    Failure   Level
 Beastly Appendage        Tmut           0%         N/A       41%         1
 Passwall                 Tmut/Erth      0%         N/A       54%         2
 Sublimation of Blood     Necr           0%         N/A       54%         2
 Wereblood                Tmut           0%         N/A       54%         2
 Spider Form              Tmut/Pois      0%         N/A       78%         3
 Swiftness                Air            0%         N/A       78%         3
 Airstrike                Air            0%         N/A       99%         4
 Olgreb's Toxic Radiance  Pois           0%         N/A       99%         4
 Summon Lightning Spire   Summ/Air       0%         N/A       99%         4
 Lightning Bolt           Conj/Air       0%         1d11      100%        5
 Ozocubu's Refrigeration  Ice            0%         4d5       100%        7
 Summon Hydra             Summ           0%         N/A       100%        7
 Ignition                 Fire           0%         3d3       100%        8


Dungeon Overview and Level Annotations

Branches:
Dungeon (4/15)
 Temple: D:4-7

Altars:
Xom

Shops:
D:1 (


Innate Abilities, Weirdness & Mutations

You have a moderately thin skeletal structure. (Dex +4, Stealth++)
You sometimes gain power by taking damage.
A meltable shield of frost defends you. (SH +0)
You tend to lose your temper in combat.
You are dopey. (Int -2)
Your magical capacity is low. (-10% MP)
You occasionally shout uncontrollably at your foes.
You are covered in fur. (AC +1)
You sometimes lose the ability to read scrolls when taking damage.


Message History

Things that are here:
a +0 club; a hobgoblin corpse; a goblin corpse The shadow imp barely misses you.
You barely miss the shadow imp.
The shadow imp hits you but does no damage.
The goblin hits you with a +0 dagger.
You hit the shadow imp.
The shadow imp convulses.
The shadow imp is moderately wounded.
The shadow imp hits you.
You feel threatened and lose the ability to read scrolls!
The goblin hits you with a +0 dagger.
You puncture the shadow imp!
The shadow imp seems to speed up.
The shadow imp is almost dead.
The shadow imp gestures at you. Pain shoots through your body!
The goblin hits you but does no damage. The shadow imp gestures at you.
Pain shoots through your body!
You hit the shadow imp.
You kill the shadow imp!
The shadow imp disappears in a puff of smoke!
The sun demon hits you!
* * * LOW HITPOINT WARNING * * *
You are engulfed in flames!
Your condensation shield dissipates!
You resist.
* * * LOW HITPOINT WARNING * * *
There is a stone staircase leading down, spattered with blood here.
Things that are here:
a +0 dagger; a hobgoblin corpse; a goblin corpse You feel better.
The sun demon closely misses you.
The goblin no longer looks unusually strong.
The sun demon misses you. The sun demon barely misses you.
The sun demon closely misses you.
You can read scrolls again.
The sun demon hits you!
You feel threatened and lose the ability to read scrolls!
* * * LOW HITPOINT WARNING * * *
You are engulfed in flames.
You resist.
You die...

#.####.......#####.#### ###g..
#......########.......# #...
###.####.............##.# #...
#....>##(......#........######...
.......#.......#..##.#.........>#
.......#..........#.............#
.......#......_#..#..#.........##
...>...#.......#........####.####
.##.##.#......÷.@3..g.### ####..
.......####.<..._g###.#


PPP. ###.#### ##.#####_# #.# #PP^ ###.######.....##.###.# ###.
......#......__....._.########### †##.#.#.##..#.###.######.......##
.##[#.#.##..#.###.# #.....>..# .##...............# #........#
.####.#.#####.##### #........# You could see a sun demon (summoned), a hobgoblin
and a goblin.

Vanquished Creatures
  6 scorpions (D:4)
  A hound (D:4)
  A jelly (D:4)
  Natasha (D:2)
  Robin (D:4)
  7 adders
  An adder skeleton (D:3)
  2 dart slugs (D:1)
  2 orcs (D:3)
  2 ball pythons
  2 endoplasms
  2 giant cockroaches
  12 goblins
  9 hobgoblins
  3 jackals (D:4)
  5 quokkas
  12 bats
  A frilled lizard (D:1)
  2 kobolds (D:3)
  6 rats
78 creatures vanquished.

Vanquished Creatures (others)
  6 fungi
6 creatures vanquished.

Grand Total: 84 creatures vanquished

Notes
Turn   | Place    | Note
-------+----------+-------------------------------------------
     0 | D:1      | oldriver the Demonspawn Chaos Knight began the quest for
                  | the Orb.
     0 | D:1      | Reached XP level 1. HP: 18/18 MP: 1/1
    31 | D:1      | XOM: divination: detect creatures
    34 | D:1      | Found Seleni's Weapon Shoppe.
    54 | D:1      | Reached skill level 1 in Dodging
   115 | D:1      | Gained mutation: You have a somewhat thin skeletal
                  | structure. (Dex +2, Stealth+) [demonic ancestry]
   115 | D:1      | Reached XP level 2. HP: 19/24 MP: 2/2
   418 | D:1      | XOM: give mutation
   418 | D:1      | Gained mutation: You sometimes lose the ability to read
                  | scrolls when taking damage. [Xom's mischief]
   431 | D:1      | XOM: noise
   845 | D:2      | Gained mutation: You have a moderately thin skeletal
                  | structure. (Dex +4, Stealth++) [demonic ancestry]
   845 | D:2      | Reached XP level 3. HP: 21/30 MP: 3/3
  1008 | D:2      | Reached skill level 4 in Fighting
  1368 | D:2      | Noticed Natasha
  1372 | D:2      | XOM: give mutations
  1372 | D:2      | Gained mutation: You tend to lose your temper in combat.
                  | [Xom's mischief]
  1372 | D:2      | Gained mutation: You are dopey. (Int -2) [Xom's mischief]
  1372 | D:2      | Gained mutation: Armour fits poorly on your strangely
                  | shaped body. [Xom's mischief]
  1372 | D:2      | Gained mutation: You are agile. (Dex +2) [Xom's mischief]
  1382 | D:2      | Killed Natasha
  1383 | D:2      | Gained mutation: You sometimes gain a little power by
                  | taking damage. [demonic ancestry]
  1383 | D:2      | Reached XP level 4. HP: 17/38 MP: 4/4
  1554 | D:2      | Lost mutation: Armour fits poorly on your strangely shaped
                  | body. [potion of mutation]
  1554 | D:2      | Lost mutation: You are agile. (Dex +2) [potion of mutation]
  1554 | D:2      | Gained mutation: Your magical capacity is low. (-10% MP)
                  | [potion of mutation]
  1554 | D:2      | Gained mutation: You are covered in fur. (AC +1) [potion of
                  | mutation]
  1645 | D:3      | Found a faded altar of an unknown god.
  1863 | D:3      | XOM: summons 3 hostile demons
  1893 | D:3      | XOM: butterfly on damage
  2332 | D:3      | XOM: summons 3 hostile shadow creatures
  2469 | D:3      | XOM: give mutation
  2469 | D:3      | Gained mutation: You occasionally shout uncontrollably at
                  | your foes. [Xom's mischief]
  3007 | D:4      | XOM: draining
  3066 | D:4      | Noticed a scorpion
  3066 | D:4      | Noticed a scorpion
  3084 | D:4      | Killed a scorpion
  3085 | D:4      | Reached skill level 5 in Fighting
  3085 | D:4      | Gained mutation: You sometimes gain power by taking damage.
                  | [demonic ancestry]
  3085 | D:4      | Reached XP level 5. HP: 36/44 MP: 4/4
  3252 | D:4      | XOM: enchant monster (bad)
  3256 | D:4      | Reached XP level 6. HP: 44/52 MP: 5/5
  3257 | D:4      | Reached skill level 6 in Fighting
  3260 | D:4      | XOM: confusion
  3492 | D:4      | XOM: summons 1 hostile demon
  3493 | D:4      | Noticed a hellwing
  3505 | D:4      | XOM: 1-stop teleportation journey
  3769 | D:4      | XOM: scenery: create altars
  3781 | D:4      | Gained mutation: A meltable shield of frost defends you.
                  | (SH +0) [demonic ancestry]
  3781 | D:4      | Reached XP level 7. HP: 39/59 MP: 6/6
  4020 | D:4      | XOM: summons 1 hostile demon
  4021 | D:4      | Noticed a rust devil
  4195 | D:4      | Noticed Robin
  4205 | D:4      | XOM: summons 4 hostile demons
  4206 | D:4      | Noticed a chaos spawn
  4206 | D:4      | Noticed a sun demon
  4206 | D:4      | Killed Robin
  4232 | D:4      | Slain by a sun demon

Illustrated notes

Levels and vault maps discovered:
D:1:      grunt_arrival_lava_bath, layout_loops_cross, serial_shops,
          nicolae_shop_bloodbath_and_beyond, minmay_misc_feat_nine_boxes,
          minmay_hexomino_c4
D:2:      layout_basic, fountainhead, uniq_natasha
D:3:      layout_basic, shapermc_ecumenical_altar_acropolis
D:4:      old_forge, layout_loops_cross, doesnt_xom_only_xom, marbit_many_paths,
          uniq_eustachio, uniq_robin

Skill      XL: |  1  2  3  4  5  6 |
---------------+-------------------+-----
Dodging        | 1 2 3 |  3.9
Polearms       | 3 |  3.0
Fighting       | 4 5 6 |  6.9
Armour         | |  1.7

Action                   |  1- 3 |  4- 6 |  7- 9 || total
-------------------------+-------+-------+-------++-------
Melee: Spear             |    94 |   200 |    42 ||   336
       Punch             |     1 |     4 |       ||     5
  Use: Potion            |     2 |     5 |     1 ||     8
       Scroll            |       |     4 |     3 ||     7
 Stab: Sleeping          |     7 |     9 |       ||    16
       Distracted        |     1 |       |       ||     1
       Confused          |       |     1 |       ||     1
       Paralysed         |       |     3 |     1 ||     4
Armor: Leather armour    |    11 |    49 |     9 ||    69
Dodge: Dodged            |    41 |   124 |    17 ||   182
Block: Other             |       |       |    10 ||    10

Table legend: (Time is in decaauts)
 A = Elapsed time spent in this place.
 B = Non-inter-level travel time spent in this place.
 C = Inter-level travel time spent in this place.
 D = Time resting spent in this place.
 E = Time spent auto-exploring this place.
 F = Levels seen in this place.
 G = Mean time per level.
                   A        B        C        D        E       F      G
               +--------+--------+--------+--------+--------+-----+--------+
         Total |   4258 |   4125 |    133 |   1096 |   2230 |   4 | 1064.5 |
       Dungeon |   4258 |   4125 |    133 |   1096 |   2230 |   4 | 1064.5 |
               +--------+--------+--------+--------+--------+-----+--------+

Top non-repeatable levels by time:
     D:4: 1394 daAuts
     D:3: 1283 daAuts
     D:2: 847 daAuts
     D:1: 733 daAuts
